 Dungeon Crawl Stone Soup version 0.31.0-11-ge490571c62 (webtiles) character file.

Game seed: 952047889886689577

91 qw the Shooter (level 4, -1/22 HPs)
             Began as a Spriggan Hunter on Feb 3, 2024.
             Slain by an adder (4 damage)
             ... on level 2 of the Dungeon.
             The game lasted 00:00:18 (1040 turns).

qw the Shooter (Spriggan Hunter)                    Turns: 1040, Time: 00:00:18

Health: -1/22      AC:  2    Str:  7    XL:     4   Next: 34%
Magic:  5/5        EV: 20    Int: 10    God:
Gold:   110        SH:  0    Dex: 20    Spells: 3/3 levels left

rFire   . . .        a - +0 shortbow
rCold   . . .        (shield currently unavailable)
rNeg    . . .        c - +0 robe
rPois   .            (helmet restricted)
rElec   .            (no cloak)
rCorr   .            (gloves unavailable)
SInv    +            (boots unavailable)
Will    .....        (no amulet)
Stlth   ++           (no ring)
HPRegen 0.23/turn    (no ring)
MPRegen 0.09/turn

%: no passive effects
@: very quick
A: very small, no large weapons, unfitting armour, see invisible, speed 3
a: no special abilities


You were on level 2 of the Dungeon.
You visited 1 branch of the dungeon, and saw 2 of its levels.

You collected 110 gold pieces.


Innate Abilities, Weirdness & Mutations

You are very small and have problems with some larger weapons.
You are too small for most types of armour.
You have supernaturally acute eyesight. (SInv)
You cover ground extremely quickly. (Speed+++)


   Skills:
 - Level 1.5 Fighting
 - Level 5.0 Ranged Weapons
 + Level 4.8 Dodging
 - Level 1.5 Stealth


You had 3 spell levels left.
You didn't know any spells.
Your spell library was empty.

Inventory:

Hand Weapons
 a - a +0 shortbow (weapon)
Armour
 c - a +0 robe (worn)
Scrolls
 b - a scroll of identify {unknown}
Potions
 d - a potion of resistance {unknown}
 e - a potion of ambrosia {unknown}
 h - a potion of curing {unknown}

Dungeon Overview and Level Annotations

Branches:
Dungeon (2/15)

Altars:
Wu Jian


Message History

You hear an angry hiss.
You shoot an arrow. The arrow barely misses Natasha.
An adder comes into view.
Natasha mumbles some strange words.
Natasha glows brightly for a moment.
Natasha casts a spell at you. The magic dart hits you.
You shoot an arrow. The arrow misses Natasha.
You shoot an arrow. The arrow hits Natasha.
Natasha is severely wounded.
The adder misses you. Natasha claws you.
You shoot an arrow.
The arrow hits Natasha but does no damage.
Natasha is severely wounded.
The adder bites you. Natasha claws you. The adder bites you.
You shoot an arrow. The arrow barely misses Natasha.
Natasha stares at you and mumbles some strange words.
The magic dart hits you. The adder bites you.
You shoot an arrow. The arrow hits Natasha.
Natasha is severely wounded.
The adder bites you but does no damage.
Natasha howls an incantation.
Natasha's front paws start to glow.
Natasha claws you but does no damage. The adder closely misses you.
Natasha barely misses you.
You shoot an arrow. The arrow misses Natasha.
The adder barely misses you. Natasha barely misses you.
You shoot an arrow. The arrow closely misses Natasha.
The adder bites you.
Natasha mumbles some strange words.
You feel disoriented. Natasha closely misses you. The adder misses you.
You shoot an arrow. The arrow hits Natasha.
Natasha is almost dead.
The adder bites you. Natasha closely misses you.
You shoot an arrow. The arrow hits Natasha!
You kill Natasha!
You feel Natasha's spirit has finally been put to rest.
The adder bites you.
You die...

[...P~~~# #.##..##.#.
#.~P.#####.##>......
#~~7~....#.##.###.##
#~~~~....#.##.# #.##
#~~~~......##.###... #
##..P....#.......###
.##.####.....#.##.##%#
......S.######.##.##.#
....#..@# #.##....# .
##..# #.####..# #...#
#.####..# ##..#
#.......# ##..
.#######.## #.#
.........# #.#
########## #.#


You could see an adder.

Vanquished Creatures
  Natasha (thrice) (D:2)
  An adder (D:2)
  A dart slug (D:2)
  A ball python (D:1)
  2 bats (D:1)
  An endoplasm (D:1)
  3 goblins
  4 hobgoblins
  4 quokkas (D:1)
  5 frilled lizards
  3 kobolds (D:1)
  4 rats
32 creatures vanquished.

Notes
Turn   | Place    | Note
-------+----------+-------------------------------------------
     0 | D:1      | qw the Spriggan Hunter began the quest for the Orb.
     0 | D:1      | Reached XP level 1. HP: 10/10 MP: 2/2
     0 | D:1      | 0 ||| qw: Version: 0.3-a-155-g5e7d8dd
     0 | D:1      | 0 ||| qw: Game counter: 3338
     0 | D:1      | 0 ||| qw: Melee chars always use a shield: true
     0 | D:1      | 0 ||| qw: God list: Okawaru
     0 | D:1      | 0 ||| qw: Allow faded altars: false
     0 | D:1      | 0 ||| qw: Do Orc after clearing Dungeon:15 true
     0 | D:1      | 0 ||| qw: Do second Lair branch before Depths: true
     0 | D:1      | 0 ||| qw: Lair rune preference: random
     0 | D:1      | 0 ||| qw: Goals: Normal
     0 | D:1      | 0 ||| PLANNING D:1-11
    18 | D:1      | Reached skill level 3 in Dodging
    93 | D:1      | Reached XP level 2. HP: 14/14 MP: 3/3
   740 | D:1      | 740 ||| READING scroll labelled PUFOUS UBBODGH.
   743 | D:1      | 743 ||| READING scroll labelled DEXZOWKYACW.
   744 | D:1      | 744 ||| DRINKING 2 purple potions.
   745 | D:1      | 745 ||| DROPPING scroll of butterflies.
   746 | D:1      | 746 ||| DROPPING potion of brilliance.
   754 | D:2      | Noticed Natasha
   758 | D:2      | Killed Natasha
   759 | D:2      | Reached XP level 3. HP: 18/18 MP: 4/4
   767 | D:2      | Reached skill level 5 in Ranged Weapons
   767 | D:2      | 767 ||| FLEEEEING.
   768 | D:2      | 768 ||| FLEEEEING.
   769 | D:2      | 769 ||| FLEEEEING.
   770 | D:2      | 770 ||| FLEEEEING.
   779 | D:2      | 779 ||| STAIRDANCE
   901 | D:2      | Found an ornate altar of the Wu Jian Council.
   949 | D:2      | Noticed Natasha
   954 | D:2      | Killed Natasha
   955 | D:2      | Reached XP level 4. HP: 13/22 MP: 5/5
  1029 | D:2      | Noticed Natasha
  1035 | D:2      | HP: 4/22 [adder (2)]
  1040 | D:2      | Killed Natasha
  1040 | D:2      | Slain by an adder

Levels and vault maps discovered:
D:1:      minmay_arrival_diagonal_passages, layout_basic
D:2:      layout_loops_cross, basic_altar, serial_bayou_lagoon_a,
          nicolae_half_adder, uniq_natasha

Skill      XL: |  1  2  3 |
---------------+----------+-----
Dodging        | 3 4 |  4.8
Ranged Weapons | 5 |  5.0
Fighting       | |  1.5
Stealth        | |  1.5

Action                     |  1- 3 |  4- 6 || total
---------------------------+-------+-------++-------
   Fire: Shortbow          |    82 |    11 ||    93
    Use: Scroll            |     2 |       ||     2
         Potion            |     1 |       ||     1
 Armour: Robe              |    10 |    12 ||    22
  Dodge: Dodged            |    27 |     8 ||    35

Table legend:
 A = Non-vault XP
 B = Vault XP
 C = Vault XP percentage of total XP
 D = Non-vault monster count
 E = Vault monster count
 F = Vault count percentage of total count
                 A         B        C        D         E       F
            +---------+---------+-------+---------+---------+-------
      Total |     130 |      36 |  21.7 |      31 |       1 |   3.1
            +---------+---------+-------+---------+---------+-------
        D:1 |      36 |       0 |   0.0 |      22 |       0 |   0.0
        D:2 |      94 |      36 |  27.7 |       9 |       1 |  10.0
            +---------+---------+-------+---------+---------+-------
